 Dungeon Crawl Stone Soup version 0.32-a0-999-gfa1cc04b1d (webtiles) character file.

Game seed: 18265427123897469219

110 RBrandon the Trooper (level 4, 0/35 HPs)
             Began as a Demonspawn Artificer on Apr 25, 2024.
             Succumbed to Robin's poison
             ... on level 3 of the Dungeon.
             The game lasted 00:08:05 (1680 turns).

RBrandon the Trooper (Demonspawn Artificer)         Turns: 1680, Time: 00:08:05

Health: 0/35       AC:  3    Str: 13    XL:     4   Next: 61%
Magic:  4/4        EV: 10    Int: 11    God:
Gold:   117        SH:  0    Dex: 15    Spells: 3/3 levels left

rFire   . . .        a - +0 whip (elec)
rCold   . . .        p - orb {*Rage}
rNeg    . . .        f - +0 leather armour
rPois   .            (helmet restricted)
rElec   .            (no cloak)
rCorr   .            (no gloves)
SInv    .            (no boots)
Will    .....        (no amulet)
Stlth   +            (no ring)
HPRegen 0.25/turn    (no ring)
MPRegen 0.09/turn

%: random rage (20%)
@: lethally poisoned (0 -> -3), on berserk cooldown, slowed, very slow
A: antennae 2
a: no special abilities


You were on level 3 of the Dungeon.
You visited 1 branch of the dungeon, and saw 3 of its levels.

You collected 117 gold pieces.

Inventory:

Hand Weapons
 a - a +0 whip of electrocution (weapon)
   (You took it off an orc on level 3 of the Dungeon)
 b - a +0 sling
 r - a +0 club
Missiles
 g - 3 poisoned darts
 o - a throwing net
 s - 3 boomerangs
Armour
 f - a +0 leather armour (worn)
 h - a +0 helmet
 j - a +0 ring mail
 p - an orb of wrath (worn)
   (You found it on level 2 of the Dungeon)
Talismans
 k - a blade talisman
Wands
 c - a wand of flame (5) (quivered)
 d - a wand of charming (14)
 e - a wand of iceblast (2)
Scrolls
 l - 2 scrolls of identify {unknown}
 n - a scroll of revelation {unknown}
 q - a scroll of blinking {unknown}


   Skills:
 + Level 3.3 Fighting
 - Level 2.2 Ranged Weapons
 - Level 1.7 Armour
 - Level 1.1 Dodging
 - Level 0.8 Stealth
 - Level 3.1 Evocations


You had 3 spell levels left.
You didn't know any spells.
Your spell library contained the following spells:

 Spells                   Type           Power      Damage    Failure   Level
 Kiss of Death            Conj/Necr      0%         2d5       41%         1
 Confusing Touch          Hex            0%         N/A       80%         3
 Dispel Undead            Necr           0%         3d6       99%         4


Dungeon Overview and Level Annotations

Branches:
Dungeon (3/15)

Altars:

Shops:
D:2 =

Annotations:
D:2 Sigmund


Innate Abilities, Weirdness & Mutations

You have a pair of antennae on your head.


Message History

You are more poisoned.
You hit Robin.
Robin is heavily wounded.
You feel sick.
You whack Robin!
You kill Robin!
You feel sick. The goblin hits you but does no damage.
A goblin comes into view. It is wielding a +0 club.
You whack the goblin!
You kill the goblin!
You are no longer berserk.
You are exhausted.
You feel yourself slow down.
* * * LOW HITPOINT WARNING * * *
You feel sick.
You aren't carrying any potions.
Okay, then.
Aiming: Iceblast
Press: ? - help, Shift-Dir - straight line, f - goblin
Aim: a goblin, wielding a +0 club (strong)
The mass of ice explodes!
The iceblast engulfs the goblin!!
You kill the goblin!
* * * LOW HITPOINT WARNING * * *
You feel very sick.
You hear a shout! x2; You hear an angry hiss.
You hear a shout!
Okay, then.
You aren't carrying any potions.
As you read the scroll labelled LUPRU KIDUOS, it crumbles to dust.
It is a scroll of amnesia.
You feel forgetful for a moment.
* * * LOW HITPOINT WARNING * * *
You feel sick.
You aren't carrying any potions.
As you read the scroll labelled YFFIFUIJYNI, it crumbles to dust.
You feel strangely unstable.
It was a scroll of teleportation.
* * * LOW HITPOINT WARNING * * *
You feel sick.
You closely miss the goblin.
Your surroundings seem slightly different.
You die...

...#..~~~#####.#.#
.......~####...#.#
##.#...~#..#.###.#
#......##...)##..#
..).........)g..##############
.............ยง####.....#.....##
..............).#.............##
.............)...).)...........#
................@..)...........#
##...##.......................<#
...............................#
######...>.....................#
#....#.).............[....#
#..........>......)......##
#..>.#.....##.....#.....##
#...##################### #...#


You could see a goblin (strong).

Vanquished Creatures
  Robin (D:3)
  4 gnolls
  An adder (D:1)
  A dart slug (D:2)
  A ribbon worm (D:2)
  3 orcs (D:3)
  5 endoplasms
  4 hobgoblins
  2 quokkas (D:1)
  4 ball pythons
  4 bats
  2 frilled lizards
  8 goblins
  2 kobolds
  A rat (D:2)
43 creatures vanquished.

Vanquished Creatures (others)
  A gnoll (D:2)
1 creature vanquished.

Grand Total: 44 creatures vanquished

Notes
Turn   | Place    | Note
-------+----------+-------------------------------------------
     0 | D:1      | RBrandon the Demonspawn Artificer began the quest for the
                  | Orb.
     0 | D:1      | Reached XP level 1. HP: 15/15 MP: 1/1
    93 | D:1      | Reached skill level 1 in Dodging
   434 | D:1      | Gained mutation: You have a pair of small antennae on your
                  | head. [demonic ancestry]
   434 | D:1      | Reached XP level 2. HP: 21/21 MP: 2/2
   496 | D:1      | Reached skill level 1 in Ranged Weapons
   633 | D:1      | Found a faded altar of an unknown god.
   948 | D:2      | Noticed Sigmund
  1105 | D:2      | Gained mutation: You have a pair of antennae on your head.
                  | [demonic ancestry]
  1105 | D:2      | Reached XP level 3. HP: 27/27 MP: 3/3
  1175 | D:2      | Found Ykorghoso's Jewellery Shop.
  1391 | D:3      | Reached XP level 4. HP: 34/34 MP: 4/4
  1581 | D:3      | Noticed a gnoll sergeant
  1646 | D:3      | Noticed Robin
  1675 | D:3      | Killed Robin
  1679 | D:3      | HP: 1/35 [poisoned by Robin]
  1680 | D:3      | Succumbed to Robin's poison

Illustrated notes

Levels and vault maps discovered:
D:1:      heliophobic_arrival_glass_houses, layout_basic,
          shapermc_ecumenical_altar_venn, grunt_decor_cap
D:2:      layout_rooms, serial_shops, shop, uniq_sigmund
D:3:      layout_rooms, grunt_temple_overflow_order_and_chaos_2,
          mainiacjoe_overflow_tiny_flanked, chequers_serial_rivers_large_b,
          guppyfry_early_lair_pool, uniq_robin

Skill      XL: |  1  2  3  4 |
---------------+-------------+-----
Dodging        | 1 |  1.1
Ranged Weapons | 1 2 |  2.2
Fighting       | 2 3 |  3.3
Armour         | |  1.7
Stealth        | |  0.8
Evocations     | |  3.1

Action                     |  1- 3 |  4- 6 || total
---------------------------+-------+-------++-------
  Melee: Club              |     3 |     1 ||     4
         Whip              |       |    13 ||    13
   Fire: Sling             |    83 |    45 ||   128
  Evoke: Wand              |     9 |     5 ||    14
    Use: Potion            |     1 |       ||     1
         Scroll            |       |     2 ||     2
 Armour: Leather armour    |    32 |    21 ||    53
  Dodge: Dodged            |    44 |    25 ||    69

Table legend: (Time is in decaauts)
 A = Elapsed time spent in this place.
 B = Non-inter-level travel time spent in this place.
 C = Inter-level travel time spent in this place.
 D = Time resting spent in this place.
 E = Time spent auto-exploring this place.
 F = Levels seen in this place.
 G = Mean time per level.
                   A        B        C        D        E       F      G
               +--------+--------+--------+--------+--------+-----+--------+
         Total |   1721 |   1641 |     80 |    256 |    864 |   3 |  573.7 |
       Dungeon |   1721 |   1641 |     80 |    256 |    864 |   3 |  573.7 |
               +--------+--------+--------+--------+--------+-----+--------+

Top non-repeatable levels by time:
     D:1: 998 daAuts
     D:2: 410 daAuts
     D:3: 312 daAuts

Levels and vault maps discovered:
D:1:      heliophobic_arrival_glass_houses, layout_basic,
          shapermc_ecumenical_altar_venn, grunt_decor_cap
D:2:      layout_rooms, serial_shops, shop, uniq_sigmund
D:3:      layout_rooms, grunt_temple_overflow_order_and_chaos_2,
          mainiacjoe_overflow_tiny_flanked, chequers_serial_rivers_large_b,
          guppyfry_early_lair_pool, uniq_robin

Table legend: (Time is in decaauts)
 A = Elapsed time spent in this place.
 B = Non-inter-level travel time spent in this place.
 C = Inter-level travel time spent in this place.
 D = Time resting spent in this place.
 E = Time spent auto-exploring this place.
 F = Levels seen in this place.
 G = Mean time per level.
                   A        B        C        D        E       F      G
               +--------+--------+--------+--------+--------+-----+--------+
         Total |   1721 |   1641 |     80 |    256 |    864 |   3 |  573.7 |
       Dungeon |   1721 |   1641 |     80 |    256 |    864 |   3 |  573.7 |
               +--------+--------+--------+--------+--------+-----+--------+

Top non-repeatable levels by time:
     D:1: 998 daAuts
     D:2: 410 daAuts
     D:3: 312 daAuts

Table legend:
 A = Kills in this place as a percentage of kills in the entire game.
 B = Kills by you in this place as a percentage of kills by you in the entire game.
 C = Kills by friends in this place as a percentage of kills by friends in the entire game.
 D = Other kills in this place as a percentage of other kills in the entire game.
 E = Experience gained in this place as a percentage of experience gained in the entire game.
 F = Experience gained in this place divided by the number of levels of this place that you have seen.
                   A       B       C       D       E      F
               +-------+-------+-------+-------+-------+----------------------
         Total | 100.0 | 100.0 |   N/A | 100.0 | 100.0 |  52.7
       Dungeon | 100.0 | 100.0 |   N/A | 100.0 | 100.0 |  52.7
               +-------+-------+-------+-------+-------+----------------------
